Map: Emerald City LE

Players

Arhol

  • Race: Terran Terran
  • League: Master
  • Spawn Location: 11:00

Stelios

  • Race: Terran Terran
  • League: Diamond
  • Spawn Location: 11:00

Massa

  • Race: Terran Terran
  • League: Gold
  • Spawn Location: 5:00

qqq

  • Race: Protoss Protoss
  • League: Platinum
  • Spawn Location: 5:00

VOD

Have the link to the VOD?

Description

Time

  • Played on: July 26, 2020, 10:07 a.m.
  • Length: 14:30
Show
View Real Time Build Order
Export as new Build Order

Arhol Terran 

Build Orders:  

Get SALT Encoding   

  12  0:00  SCV  
  13  0:12  SCV  
  14  0:18  Supply Depot  
  14  0:25  SCV  
  15  0:39  SCV  
  15  0:42  Barracks  
  16  0:51  SCV  
  16  0:52  Refinery  
  17  1:03  SCV  
  18  1:16  SCV  
  19  1:28  Orbital Command  
  19  1:46  Marine  
  20  1:48  Command Center  
  20  1:55  SCV  
  21  2:04  Marine  
  22  2:22  Marine  
  23  2:28  Factory  
  23  2:36  Supply Depot  
  23  2:37  Supply Depot  
  23  2:57  Marine  
  23  2:58  SCV  
  25  3:01  Orbital Command, Command Center  
  25  3:12  Barracks  
  25  3:15  Widow Mine  
  27  3:20  Engineering Bay  
  27  3:49  SCV  
  27  3:50  SCV  
  27  3:54  Terran Infantry Weapons Level 1  
  29  3:56  Missile Turret  
  29  4:00  Barracks Tech Lab  
  29  4:01  Barracks Tech Lab  
  29  4:02  SCV x2  
  31  4:07  Refinery, Missile Turret  
  31  4:14  SCV x2  
  33  4:19  Orbital Command  
  33  4:26  SCV x2  
  33  4:27  Stimpack  
  35  4:32  Combat Shield  
  35  4:38  SCV x2  
  37  4:42  Marine x2  
  39  4:47  Starport, SCV  
  39  4:50  SCV x2  
  39  4:52  Factory Reactor  
  42  4:58  Refinery  
  42  4:59  Refinery, SCV  
  43  5:02  SCV x2  
  45  5:09  Missile Turret  
  45  5:28  SCV x3  
  48  5:31  Missile Turret  
  48  5:40  SCV x3  
  51  5:52  SCV x2  
  51  5:54  Terran Infantry Armor Level 1, Missile Turret  
  53  6:02  Barracks x3  
  53  6:04  Barracks  
  53  6:05  Concussive Shells  
  53  6:06  Barracks  
  53  6:09  Medivac x2  
  57  6:11  SCV x2  
  57  6:17  Orbital Command  
  59  6:23  SCV  
  60  6:26  SCV  
  61  6:35  SCV, Missile Turret  
  61  6:36  Marine x2, Missile Turret  
  61  6:38  SCV  
  65  6:40  Engineering Bay  
  65  6:43  Armory  
  65  6:55  Barracks Tech Lab  
  65  6:56  Barracks Reactor x4  
  65  6:58  Medivac x2  
  69  7:17  Supply Depot x4  
  69  7:28  SCV x3, Medivac  
  69  7:29  Medivac  
  76  7:36  Marauder, Marine x7  
  85  7:38  Marauder, Marine x2  
  85  7:40  SCV x3  
  92  7:45  Terran Infantry Weapons Level 2  
  92  7:48  Terran Infantry Armor Level 2  
  92  7:52  SCV  
  92  7:53  Marine x2  
  92  7:54  Marine x5  
  92  7:56  Marauder, Marine  
  103  8:10  Marauder, Marine  
  103  8:11  Marine x3  
  109  8:16  Command Center  
  109  8:20  Sensor Tower  
  109  8:24  Sensor Tower  
  109  8:29  Marine  
  109  8:30  Marauder, Marine x5  
  117  8:36  Sensor Tower  
  117  8:39  Marauder x2, Marine x2  
  123  8:42  Supply Depot x2  
  123  8:43  Supply Depot x2  
  123  8:47  Marine x2  
  125  9:03  Marine x4  
  125  9:04  Marauder x3, Supply Depot  
  125  9:05  Supply Depot  
  125  9:07  Refinery, Supply Depot  
  135  9:13  Marine  
  135  9:14  Marine x3  
  135  9:15  Command Center  
  139  9:18  Medivac  
  141  9:25  Marauder  
  143  9:36  Marine x4  
  143  9:37  Marine x6  
  153  9:46  Marine  
  152  9:54  Marine  
  142  10:01  Marine x9  
  142  10:04  Marine, Planetary Fortress  
  142  10:06  Missile Turret  
  152  10:12  Marine  
  153  10:16  Barracks, Medivac x2  
  153  10:19  Marine x5  
  162  10:21  Barracks  
  162  10:22  Barracks  
  152  10:41  Marine x9  
  152  10:42  Marine x2  
  163  10:58  Terran Infantry Weapons Level 3, Terran Infantry Armor Level 3  
  163  10:59  Marine x5  
  163  11:02  Missile Turret  
  145  11:22  Marine x4  
  145  11:23  Marine x7  
  145  11:24  Medivac x2  
  160  11:36  Planetary Fortress  
  160  11:40  Barracks Reactor, Marine x7  
  160  11:41  Barracks Reactor, Barracks Tech Lab, Marine  
  168  11:48  Command Center  
  168  11:51  Command Center  
  154  13:00  Marine x16  
  154  13:02  Medivac x2  
  174  13:17  Marine  
  174  13:18  Marine x15  
  165  13:44  Marine x6  
  165  13:45  Marine x10  
  148  14:02  Marine x12  
  148  14:03  Marine x4  
Show
View Real Time Build Order
Export as new Build Order

Stelios Terran 

Build Orders:  

Get SALT Encoding   

  12  0:00  SCV  
  13  0:14  Supply Depot  
  13  0:17  SCV  
  14  0:29  SCV  
  15  0:39  Barracks  
  15  0:41  SCV  
  16  0:47  Refinery  
  16  0:53  SCV  
  17  1:05  SCV  
  18  1:17  SCV  
  19  1:21  Supply Depot  
  19  1:27  Barracks  
  19  1:28  Marine  
  19  1:30  SCV  
  21  1:42  SCV  
  21  1:46  Marine  
  23  1:54  SCV  
  24  1:55  Refinery  
  24  2:04  Marine  
  24  2:06  SCV  
  26  2:15  Factory, Marine  
  27  2:22  Marine  
  28  2:31  Supply Depot  
  28  2:32  Marine  
  29  2:40  Marine  
  30  2:45  Orbital Command  
  30  2:50  Marine  
  31  2:59  Barracks Tech Lab  
  31  3:15  Command Center  
  31  3:21  SCV  
  31  3:24  Factory Tech Lab  
  32  3:33  SCV  
  32  3:41  Marine  
  33  3:44  Siege Tank  
  33  3:46  Barracks Reactor  
  35  3:50  SCV  
  36  4:00  Supply Depot  
  36  4:03  SCV  
  36  4:04  Supply Depot  
  36  4:06  Stimpack  
  37  4:14  Starport  
  37  4:32  Command Center  
  37  4:36  SCV  
  38  4:48  SCV, Siege Tank  
  42  4:54  Medivac  
  44  5:00  SCV  
  44  5:01  Engineering Bay  
  45  5:08  Orbital Command  
  45  5:12  Marine x2  
  47  5:21  Marine  
  48  5:30  Marine x2  
  50  5:38  Starport Reactor  
  50  5:47  Terran Infantry Weapons Level 1  
  50  5:49  SCV x3  
  53  5:50  Siege Tank  
  53  5:55  Refinery, Factory  
  56  6:01  SCV x3  
  59  6:11  Combat Shield  
  59  6:22  Orbital Command  
  59  6:24  SCV x2  
  61  6:36  SCV x2  
  63  6:42  Marine x2  
  63  6:43  Marauder  
  63  6:44  Factory Tech Lab  
  67  6:48  SCV  
  67  6:50  Engineering Bay  
  67  6:52  Missile Turret x2  
  68  7:00  Marine  
  69  7:02  Marine  
  69  7:04  Marauder  
  72  7:17  Marine  
  72  7:20  Marine  
  72  7:23  Medivac x2  
  72  7:25  Marauder  
  78  7:35  Marine  
  77  7:38  Marine  
  78  7:47  Barracks, Marauder  
  80  7:53  Marine  
  80  7:55  Marine  
  82  8:08  Marauder  
  82  8:11  Marine  
  82  8:13  Siege Tank  
  82  8:16  Terran Infantry Armor Level 1  
  82  8:19  Supply Depot  
  85  8:20  Supply Depot x2  
  85  8:24  Refinery  
  85  8:31  Orbital Command  
  85  8:40  Marine x2  
  85  8:41  SCV x2, Marauder, Siege Tank  
  91  8:43  Barracks Reactor  
  91  8:45  Barracks  
  94  8:53  SCV x2  
  94  8:54  Missile Turret  
  93  8:56  Missile Turret  
  93  8:57  Missile Turret  
  93  8:58  Marine x2  
  93  9:00  Missile Turret x2  
  93  9:02  Marauder  
  96  9:04  Missile Turret x3  
  96  9:06  Missile Turret  
  96  9:16  Marine x2  
  98  9:18  SCV x3  
  98  9:24  Marauder  
  103  9:28  Medivac x2  
  103  9:30  SCV  
  108  9:34  Marine  
  109  9:41  Marine  
  109  9:45  Marauder  
  107  9:52  Marine  
  108  9:54  Marine  
  109  10:07  Marauder, Marine x3  
  109  10:09  Marine, Supply Depot  
  109  10:10  Supply Depot x5  
  115  10:15  SCV x3, Armory  
  115  10:18  Marine  
  116  10:27  SCV x3  
  115  10:29  Marauder  
  115  10:31  Marine x2  
  119  10:39  SCV  
  108  10:43  Marine x2  
  82  10:50  Marauder, Marine  
  82  10:51  Marine  
  82  10:52  Siege Tank  
  84  10:58  Barracks Tech Lab  
  84  11:03  Marine x2  
  78  11:07  SCV x3  
  78  11:08  Marine  
  78  11:09  Marine  
  81  11:11  Marauder  
  81  11:16  Medivac x2  
  87  11:19  SCV x3, Marine  
  87  11:21  Marine  
  92  11:26  Refinery  
  92  11:27  Siege Tank x2  
  92  11:31  SCV x3  
  101  11:33  Marauder  
  101  11:38  Marauder  
  101  11:39  Terran Infantry Weapons Level 2  
  105  11:40  Terran Infantry Armor Level 2  
  105  11:53  Starport x2  
  105  11:54  Marauder  
  105  11:57  Command Center  
  107  12:01  Missile Turret x2  
  107  12:03  Missile Turret x2  
  107  12:06  Refinery, Marine x2  
  107  12:07  Marauder, Marine x2  
  113  12:16  Marauder  
  115  12:24  Marine x2  
  115  12:26  Starport  
  117  12:31  Starport Reactor x2  
  117  12:36  Marine x2  
  117  12:37  Marauder x2  
  117  12:42  Marine x2  
  113  12:53  Viking x2  
  113  12:54  Marine x2  
  113  12:58  Marine x2  
  119  13:00  Marine x2  
  119  13:02  Starport Reactor  
  122  13:12  Marine x2  
  124  13:16  Marauder, Marine, Viking x3  
  124  13:18  Marine x2, Viking  
  137  13:23  Viking x2  
  141  13:30  Marine x2  
  141  13:34  Marine  
  139  13:46  Marine x3  
  139  13:47  Marine  
  139  13:48  Marine, Medivac x4  
  148  13:49  Viking x2  
  148  13:53  Viking  
Show
View Real Time Build Order
Export as new Build Order

Massa Terran 

Build Orders:  

Get SALT Encoding   

  12  0:07  SCV  
  13  0:19  SCV  
  13  0:20  Supply Depot  
  14  0:31  SCV  
  15  0:43  SCV, Barracks  
  16  0:55  SCV  
  16  0:56  Refinery  
  17  1:08  SCV  
  18  1:11  Supply Depot  
  18  1:20  SCV  
  19  1:32  SCV  
  20  1:55  Reaper  
  21  2:11  Command Center  
  21  2:25  Barracks  
  21  2:27  Reaper  
  22  2:40  Barracks  
  22  2:50  Orbital Command  
  22  2:54  Refinery  
  22  3:01  Barracks Tech Lab  
  22  3:17  Factory  
  22  3:21  SCV  
  23  3:33  SCV  
  23  3:45  SCV  
  23  3:50  Marauder, Stimpack  
  23  3:52  Marine x2  
  27  3:57  SCV  
  27  3:58  Engineering Bay  
  27  4:01  SCV  
  29  4:04  Factory Tech Lab  
  29  4:09  SCV, Marine x2  
  30  4:11  Marauder  
  30  4:13  SCV  
  35  4:23  Siege Tank  
  38  4:26  Orbital Command  
  38  4:27  SCV, Marine x2  
  41  4:32  Marauder  
  43  4:39  SCV  
  43  4:45  Marine  
  45  4:46  Barracks Tech Lab  
  45  4:51  Starport, SCV  
  46  4:59  Supply Depot  
  46  5:01  Missile Turret  
  46  5:03  Supply Depot  
  46  5:07  Supply Depot  
  46  5:20  SCV x2, Marine  
  46  5:21  Marauder x2  
  53  5:22  Combat Shield  
  53  5:31  Siege Tank  
  53  5:32  SCV x2  
  58  5:38  Marine  
  58  5:41  Marine  
  58  5:42  Marauder  
  62  5:44  SCV x2  
  62  5:49  Refinery  
  64  5:55  Concussive Shells  
  64  6:03  Widow Mine  
  66  6:11  Barracks Reactor  
  66  6:20  Medivac  
  66  6:21  Command Center  
  66  6:25  Widow Mine  
  70  6:43  Supply Depot  
  70  6:44  Supply Depot  
  70  6:45  Supply Depot  
  70  6:46  Supply Depot  
  70  7:05  Marauder x2  
  70  7:06  Supply Depot  
  74  7:09  Supply Depot x3  
  74  7:12  Siege Tank  
  74  7:14  Marine x2  
  79  7:17  SCV x2  
  81  7:26  Marauder x2  
  85  7:35  Starport Tech Lab  
  85  7:46  Orbital Command  
  85  7:47  Marauder x2  
  89  7:52  Engineering Bay  
  87  8:00  Marine x2  
  87  8:03  Siege Tank  
  90  8:09  Marauder x2  
  94  8:17  Terran Infantry Weapons Level 1  
  94  8:18  Marine x2  
  96  8:30  Marauder x2  
  96  8:31  Liberator  
  103  8:36  Marine x2  
  105  8:52  Marauder x2  
  105  8:53  Marine  
  105  8:54  Marine  
  111  9:11  Marine  
  111  9:12  Widow Mine, Marine x2  
  111  9:13  Marauder  
  111  9:14  Liberator  
  121  9:24  Command Center  
  121  9:29  Marine x2  
  121  9:30  Marine  
  124  9:33  Widow Mine  
  124  9:34  Marine  
  127  9:41  Orbital Command  
  127  9:47  Marine x2  
  127  9:48  Marine  
  127  9:52  Marine  
  131  10:05  Marine x2  
  131  10:06  Marine  
  134  10:09  Marine  
  135  10:21  Siege Tank  
  138  10:22  Marine  
  138  10:23  Marine  
  138  10:24  Marauder  
  138  10:28  Marauder  
  120  10:40  Marine  
  120  10:41  Marine  
  110  10:46  Marauder  
  110  10:49  Marauder  
  91  10:53  Siege Tank  
  94  10:58  Marine x2  
  85  11:07  Marauder  
  85  11:11  Marauder  
  55  11:16  Marine x2  
  55  11:25  Siege Tank  
  58  11:27  Barracks  
  58  11:28  Marauder  
  58  11:29  Barracks  
  58  11:32  SCV, Marauder  
  63  11:34  Marine x2  
  63  11:35  Orbital Command  
  65  11:44  SCV  
  66  11:50  Marauder, Liberator  
  66  11:51  Command Center  
  66  11:52  Marine  
  66  11:53  Marauder  
  74  11:56  SCV  
  74  11:57  Siege Tank  
  78  12:05  SCV  
  78  12:06  SCV  
  80  12:08  SCV  
  80  12:11  Marauder  
  80  12:15  Marauder  
  85  12:18  SCV x2  
  85  12:20  SCV  
  88  12:29  Siege Tank  
  90  12:30  SCV x2  
  90  12:32  SCV  
  90  12:36  Marauder  
  44  13:00  Barracks  
  44  13:01  Barracks  
  39  13:07  Factory  
  25  13:13  Barracks  
  24  13:22  SCV  
  11  13:34  SCV  
  11  13:47  Command Center  
  11  13:49  Barracks  
  11  13:50  SCV, Factory  
  11  13:53  Factory Tech Lab  
  11  13:54  Barracks Tech Lab x2  
  12  14:02  SCV  
  13  14:04  Barracks  
  13  14:05  Barracks  
  13  14:07  Barracks Tech Lab  
  13  14:12  Factory  
  13  14:14  SCV  
  18  14:25  Refinery  
Show
View Real Time Build Order
Export as new Build Order

qqq Protoss 

Build Orders: Phoenix Opening, Carriers, Mass Phoenix 

Get SALT Encoding   

  12  0:05  Probe  
  13  0:17  Probe  
  13  0:19  Pylon  
  14  0:33  Pylon  
  14  0:45  Probe  
  15  0:56  Gateway  
  15  0:57  Probe  
  15  1:01  Pylon  
  16  1:09  Probe  
  16  1:10  Pylon  
  17  1:17  Pylon  
  17  1:50  Nexus  
  17  1:58  Assimilator  
  17  2:01  Assimilator  
  17  2:06  Cybernetics Core  
  17  2:09  Probe  
  18  2:21  Probe  
  19  2:33  Probe  
  20  2:46  Probe  
  21  2:54  Stargate  
  21  2:56  Forge  
  21  2:58  Probe  
  22  3:03  Probe  
  23  3:10  Probe  
  24  3:15  Probe  
  26  3:27  Probe  
  26  3:29  Stargate  
  26  3:38  Phoenix  
  26  3:39  Probe  
  29  3:51  Probe  
  30  4:03  Probe  
  30  4:05  Phoenix  
  33  4:14  Assimilator  
  33  4:15  Probe  
  34  4:18  Assimilator  
  34  4:23  Phoenix  
  36  4:27  Probe  
  37  4:33  Photon Cannon  
  37  4:39  Probe  
  37  4:42  Phoenix  
  40  4:51  Probe  
  41  4:57  Nexus  
  41  5:03  Probe  
  41  5:04  Pylon  
  41  5:06  Pylon  
  42  5:14  Phoenix  
  44  5:16  Probe  
  44  5:20  Phoenix  
  47  5:28  Probe  
  48  5:39  Protoss Air Weapons Level 1  
  48  5:40  Probe, Phoenix  
  51  5:49  Photon Cannon  
  51  5:52  Probe  
  51  5:53  Photon Cannon  
  52  5:59  Phoenix  
  54  6:04  Probe  
  55  6:12  Probe  
  55  6:16  Probe  
  55  6:17  Phoenix  
  59  6:24  Probe  
  60  6:28  Probe  
  61  6:35  Photon Cannon  
  61  6:36  Probe  
  62  6:40  Probe  
  63  6:48  Probe  
  63  6:52  Probe  
  65  7:00  Probe  
  66  7:04  Probe  
  66  7:07  Fleet Beacon  
  67  7:12  Probe  
  68  7:17  Probe  
  67  7:24  Probe  
  66  7:36  Probe  
  67  7:43  Stargate  
  67  7:46  Stargate  
  67  8:01  Protoss Air Armor Level 1  
  67  8:19  Pylon  
  67  8:20  Carrier  
  67  8:21  Carrier  
  79  8:28  Pylon  
  79  8:31  Assimilator  
  79  8:32  Probe, Pylon  
  80  8:35  Pylon, Assimilator  
  80  8:37  Pylon, Mothership  
  80  8:38  Pylon  
  88  8:44  Probe, Photon Cannon  
  88  8:46  Photon Cannon  
  88  8:47  Nexus  
  89  8:50  Pylon  
  89  8:51  Pylon  
  89  8:56  Probe  
  90  9:04  Carrier  
  90  9:09  Probe, Carrier  
  103  9:16  Photon Cannon  
  103  9:17  Probe  
  103  9:18  Photon Cannon  
  103  9:20  Photon Cannon  
  103  9:22  Photon Cannon  
  104  9:25  Probe  
  104  9:30  Carrier  
  111  9:35  Probe  
  112  9:47  Probe  
  109  9:59  Probe  
  104  10:02  Carrier  
  110  10:08  Carrier  
  116  10:18  Probe  
  117  10:22  Assimilator  
  117  10:24  Probe  
  117  10:26  Assimilator  
  118  10:30  Probe  
  118  10:35  Photon Cannon  
  119  10:36  Probe, Shield Battery  
  119  10:39  Shield Battery  
  119  10:40  Photon Cannon  
  119  10:42  Probe  
  121  10:43  Carrier  
  121  10:44  Photon Cannon  
  121  10:48  Probe  
  128  10:54  Probe  
  129  11:00  Probe  
  130  11:06  Probe  
  125  11:12  Probe  
  94  11:21  Carrier x3  
  94  11:24  Probe  
  112  11:32  Probe  
  113  11:33  Probe  
  115  11:40  Probe  
  115  11:45  Probe  
  117  11:47  Carrier  
  117  11:52  Probe  
  124  11:57  Probe  
  125  12:03  Protoss Air Weapons Level 2  
  125  12:05  Probe  
  126  12:17  Probe  
  127  12:25  Carrier  
  127  12:26  Carrier x2  
  129  12:59  Photon Cannon  
  129  13:00  Photon Cannon  
  129  13:13  Pylon  
  129  13:18  Pylon  
  129  13:21  Pylon x2  
  129  13:23  Pylon x2  
  129  13:24  Pylon  
  129  13:26  Pylon x2  
  129  13:28  Pylon  
Tags
 
Add a new tag
Caveats
  • Supply blocks, unpowered buildings, or Contaminate may cause inaccurate times.
  • Supply counts are checked every 10 seconds.